 Dungeon Crawl Stone Soup version 0.29.0-4-gdea44cf6ec (webtiles) character file.

Game seed: 9432044004553147968

1103 qw the Shield-Bearer (level 8, 0/44 HPs)
             Began as a Tengu Warper on Aug 28, 2022.
             Killed from afar by an electric eel (11 damage)
             ... with a bolt of electricity
             ... on level 6 of the Dungeon.
             The game lasted 00:00:31 (6040 turns).

qw the Shield-Bearer (Tengu Warper)                 Turns: 6040, Time: 00:00:31

Health: 0/44       AC: 13    Str: 15    XL:     8   Next: 32%
Magic:  12/12      EV:  4    Int: 13    God:
Gold:   300        SH: 14    Dex: 13    Spells: 11/11 levels left

rFire   + . .      SeeInvis .   Y - +0 hand axe
rCold   . . .      Faith    .   a - +0 tower shield
rNeg    + . .      Spirit   .   k - +1 chain mail {rF+}
rPois   +          Reflect  .   (helmet restricted)
rElec   .          Harm     .   q - +2 cloak
rCorr   .          Rampage  .   (no gloves)
Will    .....                   (boots unavailable)
Stlth   ..........              (no amulet)
HPRegen 0.14/turn               l - ring of positive energy
MPRegen 0.13/turn               m - ring of poison resistance

@: flying quickly and evasively, quick
A: beak, talons 3, nimble flight
a: no special abilities


You were on level 6 of the Dungeon.
You visited 1 branch of the dungeon, and saw 6 of its levels.

You collected 300 gold pieces.


Innate Abilities, Weirdness & Mutations

You have a beak for a mouth.
You have claws for feet.
Your magical nature lets you fly swiftly and evasively.


   Skills:
 - Level 2.0 Fighting
 + Level 6.1 Axes
 - Level 1.0 Throwing
 - Level 2.8 Armour
 - Level 2.1 Dodging
 - Level 7.5 Shields
 - Level 2.0 Spellcasting
 - Level 2.4 Translocations


You had 11 spell levels left.
You didn't know any spells.
Your spell library contained the following spells:

 Spells                   Type           Power      Damage    Failure   Level
 Blink                    Tloc           14%        N/A       100%        2
 Gell's Gravitas          Tloc           7%         N/A       100%        3
 Lesser Beckoning         Tloc           7%         N/A       100%        3
 Teleport Other           Tloc           7%         N/A       100%        3
 Manifold Assault         Tloc           7%         N/A       100%        5

Inventory:

Hand Weapons
 i - a +1 whip of freezing
 Y - a +0 hand axe (weapon)
Missiles
 b - 6 boomerangs (quivered)
Armour
 a - a +0 tower shield (worn)
 k - a +1 chain mail of fire resistance (worn)
 q - a +2 cloak (worn)
Jewellery
 l - a ring of positive energy (left hand)
 m - a ring of poison resistance (right hand)
Scrolls
 c - a scroll of identify
Potions
 e - 2 potions of mutation
 f - a potion of curing
 g - a potion of haste
 j - a potion of might
 n - a potion of brilliance {unknown}
 o - a potion of heal wounds
 p - a potion of resistance {unknown}

Dungeon Overview and Level Annotations

Branches:
Dungeon (6/15)
 Temple: D:4-7

Altars:
Trog

Shops:
D:1 !   D:6 ?


Message History

You feel strangely unstable.
The bullfrog releases a deep croak.
You block the yak's attack.
5909 ||| DRINKING 2 potions of heal wounds.
You feel much better. You block the yak's attack.
You hit the yak. You claw the yak!
The yak is severely wounded.
You block the yak's attack.
You closely miss the yak. You claw the yak. You peck the yak.
The yak is almost dead.
Your surroundings suddenly seem different.
Found 6 stones, a helmet, 11 gold pieces and a scale mail.
Found a stone staircase leading up.
Enter note: You start resting.
HP restored.
An electric eel comes into view.
You see here 11 gold pieces.
The electric eel shoots out a bolt of lightning at you!
The bolt of electricity hits you.
An electric eel comes into view.
You see here 6 stones.
Found a scroll labelled ILEEKE ADDUNLO and a short sword.
The electric eel shoots out a bolt of lightning at you!
The bolt of electricity hits you!
Found a white potion and 4 gold pieces.
The electric eel shoots out a bolt of lightning at you!
The bolt of electricity hits you.
The electric eel shoots out a bolt of lightning at you!
The bolt of electricity hits you!
The electric eel shoots out a bolt of lightning at you!
The bolt of electricity hits you!
You hit the electric eel but do no damage.
Your peck misses the electric eel.
The electric eel shoots out a bolt of lightning at you!
The bolt of electricity hits you.
The electric eel shoots out a bolt of lightning at you!
The bolt of electricity hits you!
You die...

. #..[...# .. #......#
###. <.. #......# #.?..
....######......##...#
.....#...$..........###
#...~~~~~~~~~~.~....
###.~...(....~.~..#
#[~.~~~~~~.~.~..#
#.~.~....~@~.~..#
#..~.~.~~.~.S.~.!#
....~.~.~\.~.S.~..#
#.#.~.~.~~~~.~.~..#
#...~.~......~.~..#
###.~.~~~~~~~~.~).#
#.~..........~.$#
.~~~~~~~~~~~~..#


You could see 2 electric eels.

Vanquished Creatures
  Sigmund (D:5)
  A yak (D:6)
  An ice beast (D:5)
  2 black bears
  An ogre (D:5)
  A necrophage (D:4)
  A scorpion (D:5)
  A howler monkey (D:5)
  3 hounds (D:4)
  An iguana (D:4)
  6 adders
  A shadow imp (D:6)
  A white imp (D:5)
  An ufetubus (D:5)
  5 worms
  2 dart slugs
  8 ball pythons
  3 bats
  5 endoplasms
  3 giant cockroaches
  5 goblins
  6 hobgoblins
  5 kobolds
  5 quokkas
  2 frilled lizards
  11 rats
82 creatures vanquished.

Vanquished Creatures (others)
  2 plants (D:1)
2 creatures vanquished.

Grand Total: 84 creatures vanquished

Notes
Turn   | Place    | Note
-------+----------+-------------------------------------------
     0 | D:1      | qw the Tengu Warper began the quest for the Orb.
     0 | D:1      | Reached XP level 1. HP: 12/12 MP: 4/4
     0 | D:1      | 0 ||| qw: Version: 0.1-a-89-g26bdef1
     0 | D:1      | 0 ||| qw: Game counter: 1921
     0 | D:1      | 0 ||| qw: Always use a shield: true
     0 | D:1      | 0 ||| qw: God list: Okawaru
     0 | D:1      | 0 ||| qw: Allow faded altars: false
     0 | D:1      | 0 ||| qw: Do Orc after D:15 true
     0 | D:1      | 0 ||| qw: Do second Lair branch before Depths: true
     0 | D:1      | 0 ||| qw: Lair rune preference: random
     0 | D:1      | 0 ||| qw: Plans: Normal
     0 | D:1      | 0 ||| PLANNING D:1-11
   104 | D:1      | Reached XP level 2. HP: 17/17 MP: 6/6
   111 | D:1      | Reached skill level 3 in Axes
   766 | D:1      | 766 ||| Stepping ~*~*~tactically~*~*~ (stealth).
   773 | D:1      | Found Jublor's Distillery.
   779 | D:1      | 779 ||| SHOPLISTING potion of cancellation (112 gold, have
                  | 61).
   779 | D:1      | 779 ||| SHOPLISTING potion of haste (140 gold, have 61).
   779 | D:1      | 779 ||| SHOPLISTING potion of heal wounds (70 gold, have
                  | 61).
   795 | D:1      | HP: 4/17 [giant cockroach (1)]
   797 | D:1      | Reached XP level 3. HP: 5/21 MP: 7/7
  1025 | D:1      | 1025 ||| DROPPING +0 club.
  1363 | D:1      | 1363 ||| Stepping ~*~*~tactically~*~*~ (stealth).
  1364 | D:1      | 1364 ||| Stepping ~*~*~tactically~*~*~ (stealth).
  1411 | D:1      | 1411 ||| UPGRADING to +0 ring mail.
  1421 | D:1      | 1421 ||| DROPPING +0 leather armour.
  1422 | D:1      | 1422 ||| UPGRADING to +1 chain mail of fire resistance.
  1432 | D:1      | 1432 ||| DROPPING +0 ring mail.
  1433 | D:1      | 1433 ||| READING scroll labelled JINNEUDGHOSA.
  1434 | D:1      | 1434 ||| READING scroll labelled WAC RYBAR VEU.
  1435 | D:1      | 1435 ||| READING scroll labelled YDOCRU PIASOKA.
  1536 | D:1      | 1536 ||| DROPPING scroll of blinking.
  1736 | D:2      | Reached XP level 4. HP: 26/26 MP: 8/8
  2000 | D:2      | Found a bloodstained altar of Trog.
  2582 | D:2      | 2582 ||| UPGRADING to +0 tower shield.
  2587 | D:2      | 2587 ||| READING 2 scrolls labelled EGUAQAS LUPU.
  2588 | D:2      | 2588 ||| READING 4 scrolls labelled POABLO EKKA.
  2589 | D:2      | 2589 ||| READING scroll labelled PAODOF ILEBBA.
  2590 | D:2      | 2590 ||| READING scroll labelled BARIAV XILI.
  2591 | D:2      | 2591 ||| DRINKING 2 cyan potions.
  2592 | D:2      | 2592 ||| READING 3 scrolls of identify.
  2592 | D:2      | 2592 ||| IDENTIFYING emerald potion
  2593 | D:2      | 2593 ||| READING 2 scrolls of identify.
  2593 | D:2      | 2593 ||| IDENTIFYING inky potion
  2594 | D:2      | 2594 ||| DROPPING scroll of fear.
  2595 | D:2      | 2595 ||| DROPPING potion of invisibility.
  2748 | D:3      | Reached skill level 1 in Shields
  3038 | D:3      | 3038 ||| Stepping ~*~*~tactically~*~*~ (hiding).
  3039 | D:3      | 3039 ||| Stepping ~*~*~tactically~*~*~ (hiding).
  3083 | D:3      | Reached skill level 2 in Shields
  3083 | D:3      | Gained mutation: Your magical nature lets you fly swiftly
                  | and evasively. [Tengu growth]
  3083 | D:3      | Reached XP level 5. HP: 30/30 MP: 9/9
  3216 | D:3      | 3216 ||| Stepping ~*~*~tactically~*~*~ (stealth).
  3341 | D:3      | 3341 ||| Stepping ~*~*~tactically~*~*~ (stealth).
  3342 | D:3      | 3342 ||| Stepping ~*~*~tactically~*~*~ (stealth).
  3343 | D:3      | 3343 ||| Stepping ~*~*~tactically~*~*~ (stealth).
  3423 | D:3      | 3423 ||| UPGRADING to ring of positive energy.
  3424 | D:3      | 3424 ||| READING 3 scrolls labelled ANUZXAESIA.
  3427 | D:3      | 3427 ||| DRINKING 2 fizzy red potions.
  3428 | D:3      | 3428 ||| READING 4 scrolls of identify.
  3428 | D:3      | 3428 ||| IDENTIFYING sedimented grey potion
  3429 | D:3      | 3429 ||| READING 3 scrolls of identify.
  3429 | D:3      | 3429 ||| IDENTIFYING amethyst potion
  3430 | D:3      | 3430 ||| READING 2 scrolls of identify.
  3430 | D:3      | 3430 ||| IDENTIFYING red potion
  3431 | D:3      | 3431 ||| DROPPING potion of attraction.
  3486 | D:3      | 3486 ||| READING 2 scrolls of teleportation.
  3487 | D:3      | 3487 ||| STAIRDANCE
  3842 | D:4      | Reached skill level 3 in Shields
  3842 | D:4      | Reached XP level 6. HP: 25/35 MP: 10/10
  3958 | D:4      | Reached skill level 4 in Shields
  4032 | D:4      | Noticed a black bear
  4037 | D:4      | Killed a black bear
  4104 | D:4      | Reached skill level 5 in Shields
  4289 | D:4      | 4289 ||| Stepping ~*~*~tactically~*~*~ (hiding).
  4562 | D:4      | 4562 ||| UPGRADING to +1 cloak.
  4567 | D:4      | 4567 ||| READING scroll of enchant armour.
  4567 | D:4      | 4567 ||| ENCHANTING +1 cloak.
  4568 | D:4      | 4568 ||| DROPPING ring of magical power.
  4641 | D:3      | 4641 ||| DRINKING 2 lumpy golden potions.
  4642 | D:3      | 4642 ||| DROPPING potion of magic.
  4674 | D:5      | Entered Level 5 of the Dungeon
  4682 | D:5      | Reached XP level 7. HP: 26/40 MP: 11/11
  4682 | D:5      | 4682 ||| STAIRDANCE
  4885 | D:5      | Reached skill level 6 in Shields
  4889 | D:5      | HP: 10/40 [poisoned by a scorpion]
  4894 | D:5      | HP: 6/40 [poisoned by a scorpion]
  5172 | D:5      | 5172 ||| FLEEEEING.
  5174 | D:5      | 5174 ||| FLEEEEING.
  5175 | D:5      | 5175 ||| FLEEEEING.
  5176 | D:5      | 5176 ||| FLEEEEING.
  5177 | D:5      | 5177 ||| FLEEEEING.
  5178 | D:5      | 5178 ||| FLEEEEING.
  5179 | D:5      | 5179 ||| FLEEEEING.
  5183 | D:5      | 5183 ||| FLEEEEING.
  5184 | D:5      | 5184 ||| FLEEEEING.
  5185 | D:5      | 5185 ||| FLEEEEING.
  5186 | D:5      | 5186 ||| FLEEEEING.
  5187 | D:5      | 5187 ||| FLEEEEING.
  5188 | D:5      | 5188 ||| FLEEEEING.
  5189 | D:5      | 5189 ||| FLEEEEING.
  5204 | D:5      | 5204 ||| FLEEEEING.
  5205 | D:5      | 5205 ||| FLEEEEING.
  5206 | D:5      | 5206 ||| FLEEEEING.
  5213 | D:5      | 5213 ||| FLEEEEING.
  5214 | D:5      | 5214 ||| FLEEEEING.
  5215 | D:5      | 5215 ||| FLEEEEING.
  5218 | D:5      | 5218 ||| STAIRDANCE
  5277 | D:5      | 5277 ||| STAIRDANCE
  5539 | D:5      | Reached skill level 6 in Axes
  5619 | D:5      | 5619 ||| Stepping ~*~*~tactically~*~*~ (stealth).
  5795 | D:5      | Noticed Sigmund
  5807 | D:5      | 5807 ||| DRINKING 2 potions of curing.
  5807 | D:5      | 5807 ||| (to cure confusion)
  5808 | D:5      | Killed Sigmund
  5809 | D:5      | Reached XP level 8. HP: 44/44 MP: 12/12
  5857 | D:5      | 5857 ||| UPGRADING to ring of poison resistance.
  5858 | D:5      | 5858 ||| READING scroll labelled ESARI LUOW.
  5859 | D:5      | 5859 ||| READING 2 scrolls of identify.
  5859 | D:5      | 5859 ||| IDENTIFYING silvery potion
  5860 | D:5      | 5860 ||| DROPPING potion of degeneration.
  5876 | D:6      | Noticed a yak
  5876 | D:6      | Noticed a yak
  5877 | D:6      | 5877 ||| Stepping ~*~*~tactically~*~*~ (hiding).
  5879 | D:6      | Noticed a yak
  5880 | D:6      | 5880 ||| Stepping ~*~*~tactically~*~*~ (stealth).
  5898 | D:6      | Killed a yak
  5899 | D:6      | Reached skill level 7 in Shields
  5907 | D:6      | HP: 4/44 [yak (13)]
  5907 | D:6      | HP: 1/44 [yak (3)]
  5908 | D:6      | 5908 ||| READING scroll of teleportation.
  5909 | D:6      | 5909 ||| DRINKING 2 potions of heal wounds.
  5911 | D:6      | Found Nownion's Magic Scroll Emporium.
  6040 | D:6      | HP: 11/44 [electric eel/bolt of electricity (2)]
  6040 | D:6      | Killed from afar by an electric eel

Levels and vault maps discovered:
D:1:      minmay_arrival_plants_in_alcoves, layout_loops_ring, serial_forest,
          infiniplex_forest_diagonal, infiniplex_forest_straight_1,
          infiniplex_forest_straight_2, infiniplex_forest_end_3,
          infiniplex_forest_lined_2, serial_shops, shop
D:2:      layout_basic, basic_altar
D:3:      kennysheep_big_flooded_room, layout_loops_ring, nrook_mini_vaults,
          amcnicky_mini_pool_small, st_stairs_13
D:4:      layout_basic
D:5:      layout_loops_ring, eino_tiny_chamber, uniq_sigmund
D:6:      layout_rooms, serial_shops, nicolae_inconvenience_store

Skill      XL: |  1  2  3  4  5  6  7  8 |
---------------+-------------------------+-----
Axes           | 3 4 5 6 |  6.1
Shields        | 2 3 5 6 7 |  7.5
Armour         | 2 |  2.8
Fighting       | |  2.0
Throwing       | |  1.0
Dodging        | |  2.1
Spellcasting   | |  2.0
Translocations | |  2.4

Action                   |  1- 3 |  4- 6 |  7- 9 || total
-------------------------+-------+-------+-------++-------
Melee: Hand axe          |    88 |   114 |    75 ||   277
       Kick              |    15 |    32 |    31 ||    78
       Peck              |     9 |    23 |    23 ||    55
       Punch             |     1 |       |       ||     1
Throw: Boomerang         |     7 |    45 |     5 ||    57
  Use: Scroll            |     3 |    12 |     3 ||    18
       Potion            |       |     3 |     2 ||     5
Armor: Leather armour    |    17 |       |       ||    17
       Chain mail        |    11 |    33 |    45 ||    89
Dodge: Dodged            |    43 |    13 |    15 ||    71
Block: Tower shield      |       |    63 |    54 ||   117

Table legend:
 A = Non-vault XP
 B = Vault XP
 C = Vault XP percentage of total XP
 D = Non-vault monster count
 E = Vault monster count
 F = Vault count percentage of total count
                 A         B        C        D         E       F
            +---------+---------+-------+---------+---------+-------
      Total |    1330 |     247 |  15.7 |      78 |       4 |   4.9
            +---------+---------+-------+---------+---------+-------
        D:1 |      42 |       0 |   0.0 |      25 |       0 |   0.0
        D:2 |      64 |       0 |   0.0 |      18 |       0 |   0.0
        D:3 |      72 |       4 |   5.3 |      18 |       3 |  14.3
        D:4 |     395 |       0 |   0.0 |       8 |       0 |   0.0
        D:5 |     529 |     243 |  31.5 |       7 |       1 |  12.5
        D:6 |     228 |       0 |   0.0 |       2 |       0 |   0.0
            +---------+---------+-------+---------+---------+-------
